 Dungeon Crawl Stone Soup version 0.17-a0-1564-g7b572aa (webtiles) character file.

31 orochimarko the Stinger (level 3, -5/19 HPs)
             Began as a Deep Elf Venom Mage on July 20, 2015.
             Was an Initiate of Ru.
             Killed from afar by Natasha (8 damage)
             ... with a wand of flame
             ... on level 2 of the Dungeon on July 21, 2015.
             The game lasted 00:20:31 (1534 turns).

orochimarko the Stinger (Deep Elf Venom Mage)       Turns: 1534, Time: 00:20:31

Health: -5/19      AC:  6    Str:  5    XL:     3   Next: 7%
Magic:  5/9        EV: 12    Int: 20    God:    Ru [......]
Gold:   95         SH:  0    Dex: 19    Spells: 1 memorised, 7 levels left

rFire  . . .     SeeInvis .     s - -2 hunting sling (curse)
rCold  . . .     Clarity  .     w - +0 leather armour
rNeg   + . .     SustAt   .     (no shield)
rPois  .         Gourm    .     m - +0 hat
rElec  .         Spirit   .     (no cloak)
rCorr  .         Warding  .     f - +2 pair of gloves
rMut   .         Stasis   .     (no boots)
MR     .....                    (no amulet)
Stlth  ++........               r - +4 ring of dexterity
                                u - ring of positive energy

@: not resistant to hostile enchantments, unstealthy
A: no striking features
a: Renounce Religion


You were on level 2 of the Dungeon.
You worshipped Ru.
Ru was noncommittal.
You were hungry.

You visited 1 branch of the dungeon, and saw 2 of its levels.

You collected 95 gold pieces.

Inventory:

Hand weapons
 h - a +2 dagger of electrocution
 n - a cursed -3 whip
 q - a cursed -1 short sword
 s - a cursed -2 hunting sling (weapon)
 y - a +0 mace of protection
Missiles
 i - 80 stones (quivered)
 z - 15 arrows
Armour
 a - a +0 robe
 f - a +2 pair of gloves (worn)
 m - a +0 hat (worn)
 w - a +0 leather armour (worn)
 x - a +1 pair of gloves
Jewellery
 e - a +3 ring of evasion
 r - a +4 ring of dexterity (right hand)
 t - a +3 ring of strength
 u - a ring of positive energy (left hand)
Scrolls
 d - a scroll of identify {unknown}
 g - a scroll of recharging {unknown}
 j - a scroll of random uselessness {unknown}
 l - a scroll of enchant weapon {unknown}
Potions
 k - 2 potions of curing {unknown}
 o - a potion of flight {unknown}
 p - a potion of mutation {unknown}
 v - a potion of cure mutation {unknown}
Books
 b - a Young Poisoner's Handbook

   Spells                             Type                      Level
   a - Sting                          Conjuration/Poison           1
   b - Cure Poison                    Poison                       2
   c - Mephitic Cloud                 Conjuration/Poison/Air       3
   d - Olgreb's Toxic Radiance        Poison                       4
   e - Venom Bolt                     Conjuration/Poison           5
Comestibles
 c - 3 bread rations


   Skills:
 + Level 2.5 Dodging
 + Level 2.7 Stealth
 + Level 3.2 Spellcasting
 + Level 5.2 Poison Magic


You had 7 spell levels left.
You knew the following spells:

 Your Spells              Type           Power        Failure   Level  Hunger
a - Sting                 Conj/Pois      ##..         12%         1    None


Dungeon Overview and Level Annotations

Branches:
Dungeon (2/15)

Altars:
Gozag
Qazlal
Ru

Annotations:
D:2 Natasha


Message History

The ooze hits you.
* * * LOW HITPOINT WARNING * * *
The ooze closely misses you. The ooze hits you but does no damage.
Natasha howls an incantation.
You feel troubled. The ooze hits you but does no damage.
Natasha mumbles some strange words.
You feel yourself speed up.
The crimson imp laughs crazily.
Natasha casts a spell next to you.
A cloud of flames roars to life!
The ooze barely misses you.
Natasha casts a spell.
Natasha mumbles some strange words.
The crimson imp shouts, "Go and return not, thou defiled rump-fed measle!"
The crimson imp grinds its teeth.
A hobgoblin comes into view. It is wielding a club.
The crimson imp blinks!
Natasha zaps a wand.
The puff of flame hits you!
You die...

# #..# #.##..#...###.. #
#..###.##..##.## .. ###
#......<#.....# ..#
#.><##..#.....# #.#
#...##.######... #.#
#....... .....##
#.############.#g#.#.#.#..##
#.##..........#...###.....
#.##.#########.#@J.....#
#.##.# #............####
#.##.###.#####.####h#
..........# #.# #.#
####..###.# #.# #.#
#####.###.# #.# #.#
....._...#. #.# #.#
#####.#.###. #.# #ยง#
###....## # ..# #.#


You could see Natasha, an ooze and a hobgoblin (wandering).

Vanquished Creatures
  A worm (D:2)
  A ball python (D:1)
  3 bats
  2 giant cockroaches (D:1)
  3 hobgoblins
  3 jackals (D:1)
  3 kobolds
  A giant newt (D:1)
  5 goblins
  3 rats (D:1)
25 creatures vanquished.

Notes
Turn   | Place    | Note
--------------------------------------------------------------
     0 | D:1      | orochimarko the Deep Elf Venom Mage began the quest for the Orb.
     0 | D:1      | Reached XP level 1. HP: 10/10 MP: 6/6
     2 | D:1      | Noticed a vampire
     2 | D:1      | Noticed a dwarf
     4 | D:1      | Noticed a demigod
     4 | D:1      | Noticed a demonspawn
     6 | D:1      | Noticed a tengu
     6 | D:1      | Noticed a draconian
     8 | D:1      | Noticed a ghoul
     8 | D:1      | Noticed a vine stalker
    10 | D:1      | Noticed a spriggan
    10 | D:1      | Noticed a minotaur
    12 | D:1      | Noticed a formicid
    12 | D:1      | Noticed a troll
    14 | D:1      | Noticed a naga
    16 | D:1      | Noticed a centaur
    16 | D:1      | Noticed a gargoyle
    18 | D:1      | Noticed an octopode
    20 | D:1      | Noticed a felid
    22 | D:1      | Noticed an elf
    24 | D:1      | Noticed an ogre
    26 | D:1      | Noticed a human
    26 | D:1      | Noticed a merfolk
   260 | D:1      | Reached XP level 2. HP: 15/15 MP: 6/8
   340 | D:1      | Reached skill level 5 in Poison Magic
   709 | D:2      | Found a sacrificial altar of Ru.
   732 | D:2      | Upgraded the game from 0.17-a0-1562-g9b2c768 to 0.17-a0-1564-g7b572aa
   734 | D:2      | Became a worshipper of Ru the Awakened
   979 | D:2      | Found an opulent altar of Gozag.
  1346 | D:2      | Found a stormy altar of Qazlal.
  1447 | D:2      | Reached XP level 3. HP: 19/19 MP: 1/9
  1482 | D:2      | Noticed Natasha
  1534 | D:2      | Killed from afar by Natasha

Vault maps used:
D:1:      kb_arrival_jail
D:2:      nicolae_overflow_crystal_walls, lemuel_crystal_altar,
          grunt_qazlal_sundering, uniq_natasha

Action                   || total
-------------------------++-------
Melee: Dagger            ||     3
 Fire: Hunting sling     ||     4
 Cast: Sting             ||    54
  Eat: Chunk             ||     1
